Cogmind - Beta 13 X1 @@@ ROGUE MODE // 2023.08.15 @ 15:28:14 Player: VR-DUX Result: Destroyed by G-34 Mercenary with Small Laser Performance ------------- Evolutions (0) 0 Regions Visited (1) 200 Robots Destroyed (17) 85 Value Destroyed (356) 356 Prototype IDs (0) 0 Alien Tech Used (0) 0 Bonus (0) 0 TOTAL SCORE: 641 Bonus ------- None Cogmind --------- Core Integrity 0/250 Matter 270/300 Energy 99/100 System Corruption 0% Temperature Cool (61) Movement Treading (160) Location -10/Materials Parts ------- > --- POWER (1) -------- (None) > --- PROPULSION (2) --- Light Treads Light Treads > --- UTILITY (2) ------ Medium Storage Unit Structural Scanner > --- WEAPON (2) ------- Light Assault Rifle > --- INVENTORY (10) --- Light Nuclear Core Light Treads Light Treads Light Treads Light Treads Signal Interpreter Medium Laser Grenade Launcher Peak State ------------ > --- POWER ------------ Light Ion Engine > --- PROPULSION ------- Light Treads Light Treads > --- UTILITY ---------- Small Storage Unit Medium Storage Unit > --- WEAPON ----------- Medium Laser Particle Gun > --- INVENTORY -------- Light Nuclear Core Light Treads Light Treads Light Treads Light Treads Signal Interpreter Light Assault Rifle Grenade Launcher [Rating: 9] Favorites ----------- Power Light Ion Engine Engine Light Ion Engine Propulsion Light Treads Treads Light Treads Leg Aluminum Leg Utility Small Storage Unit Device Structural Scanner Storage Small Storage Unit Weapon Medium Laser Energy Gun Medium Laser Ballistic Gun Light Assault Rifle Build | -11 -10 ------- Run | Jun Mat Slots Evolved . | . . Power . | . . Propulsion . | . . Utility . | . . Weapon . | . . Parts Attached 10 | 1 9 Power 2 | . 2 Engine 2 | . 2 Core . | . . Reactor . | . . Propulsion 3 | . 3 Treads 2 | . 2 Leg 1 | . 1 Wheel . | . . Hover . | . . Flight . | . . Utility 3 | 1 2 Device 2 | 1 1 Storage 1 | . 1 Processor . | . . Hackware . | . . Protection . | . . Artifact . | . . Weapon 2 | . 2 Energy Gun 1 | . 1 Energy Cannon . | . . Ballistic Gun 1 | . 1 Ballistic Cannon . | . . Launcher . | . . Special Weapon . | . . Impact Weapon . | . . Slashing Weapon . | . . Piercing Weapon . | . . Special Melee Weapon . | . . Unidentified Prototypes . | . . Parts Lost 3 | . 3 Power 1 | . 1 Propulsion . | . . Utility 1 | . 1 Weapon 1 | . 1 Highest Loss Streak 1 | . 1 To Critical Strikes . | . . Average Slot Usage (%) 87 | . 87 Engine 12 | . 12 Treads 17 | . 17 Leg 10 | . 10 Device 4 | . 4 Storage 15 | . 15 Energy Gun 25 | . 25 Naked Turns . | . . Heaviest Build 23 | 13 23 Greatest Support 40 | 20 40 Greatest Overweight (x) 4 | . 4 Average Overweight (x) . | . . Largest Inventory Capacity 10 | 8 10 Average Capacity 8 | 8 8 Most Carried 9 | 6 9 Average Carried 6 | 4 7 Final Capacity 10 | 8 10 Final Carried 8 | 4 8 Class Distribution -------------------- 100% | Mutant Dominant Class ---------------- Mutant | -10/Materials Resources | -11 -10 ----------- Run | Jun Mat Matter Collected 290 | 210 80 Remotely . | . . Salvage Created 768 | 120 648 Parts 32 | 2 30 Haulers Intercepted 1 | . 1 Recyclers Shooed 2 | 1 1 Parts Field Recycled . | . . Retrieved Matter . | . . Parts Self-Destructed . | . . Prevented . | . . Kills | -11 -10 ------- Run | Jun Mat Combat Hostiles Destroyed 8 | . 8 Guns 6 | . 6 Classes Destroyed 6 | 2 4 Builder 3 | . 3 Tunneler 1 | 1 . Hauler 1 | . 1 Recycler 3 | 1 2 Watcher 1 | . 1 Grunt 8 | . 8 Best Kill Streak 3 | 2 3 Combat Bots Only 3 | . 3 Max Kills in Single Turn 1 | 1 1 Gunslinging . | . . Exploded . | . . Melee . | . . Uniques/NPCs Destroyed . | . . Combat | -11 -10 -------- Run | Jun Mat Damage Taken 811 | . 811 Core 250 | . 250 Absorbed by Shields . | . . Core Remaining (%) 100 | 100 . Volleys Fired 72 | 4 68 Largest 2 | 2 2 Hottest 115 | 100 115 Shots Fired 117 | 8 109 Gun 117 | 8 109 Cannon . | . . Launcher . | . . Special . | . . Kinetic 20 | . 20 Thermal 97 | 8 89 Explosive . | . . Electromagnetic . | . . Robot Hit Streak 12 | 4 12 Robot Miss Streak 5 | 1 5 Penetration Max . | . . Secondary Targets 1 | . 1 Max Gunslinging Chain 1 | . 1 Shots Hit Robots 76 | 7 69 Core Hits 31 | 3 28 Critical Kills . | . . Critical Parts Destroyed . | . . Critical Strikes 10 | 1 9 Burn 10 | 1 9 Melee Attacks . | . . Impact . | . . Slashing . | . . Piercing . | . . Sneak Attacks . | . . Combat Hostiles . | . . Follow-up Attacks . | . . Damage Inflicted 1003 | 86 917 Guns 1003 | 86 917 Cannons . | . . Explosions . | . . Melee . | . . Ramming . | . . Kinetic 91 | . 91 Thermal 912 | 86 826 Explosive . | . . Electromagnetic . | . . Impact . | . . Slashing . | . . Piercing . | . . Highest Corruption . | . . Average Corruption . | . . Corruption Purged . | . . Corruption Blocked . | . . Overload Shots . | . . Overflow Damage . | . . Projectiles . | . . Explosions . | . . Melee . | . . Knockbacks . | . . Impact . | . . Kinetic . | . . Secondary . | . . Self-Inflicted Damage . | . . Shots . | . . Rammed . | . . Targets Rammed . | . . Kicked . | . . Crushed . | . . Highest Temperature 485 | 156 485 Average Temperature 140 | 79 145 Received Heat Transfer 471 | . 471 Effects 4 | . 4 Shutdowns 1 | . 1 Energy Bleed 1 | . 1 Interference 1 | . 1 Short Circuit 1 | . 1 Siege Activations . | . . Robots Corrupted . | . . Combat Hostiles . | . . Parts Fried . | . . Impact Corruptions . | . . Robots Melted 2 | . 2 Combat Hostiles 2 | . 2 Parts Melted 13 | 1 12 Heat Transferred 3256 | 333 2923 Parts Sabotaged . | . . Parts Stolen . | . . Parts Stripped . | . . Power Chain Reactions . | . . Missiles Intercepted . | . . Alert | -11 -10 ------- Run | Jun Mat Peak Influence 157 | 10 157 Initial 6 | . 6 Average 64 | 6 66 Maximum Alert Level . | . . Low Security (%) 100 | 100 100 Level 1 . | . . Level 2 . | . . Level 3 . | . . Level 4 . | . . Level 5 . | . . High Security . | . . Max Security . | . . Squads Dispatched 1 | . 1 Investigation 1 | . 1 Extermination . | . . Reinforcement . | . . Assault . | . . Garrison . | . . Intercept . | . . Searches Triggered . | . . Construction Impeded . | . . Haulers Reinforced . | . . Active Scanning Responses . | . . Cargo Convoy Interrupts . | . . Stealth | -11 -10 --------- Run | Jun Mat Distress Signals 1 | . 1 Communications Jammed . | . . Distress Signals . | . . Times Spotted 15 | . 15 Peak Tracking Total 5 | . 5 Tactical Retreats . | . . Traps | -11 -10 ------- Run | Jun Mat Traps Triggered 1 | . 1 Indirectly . | . . Trap Hack Attempts . | . . Triggered . | . . Disarmed . | . . Reprogrammed . | . . Reused . | . . Traps Extracted . | . . Installed . | . . Triggered . | . . Machines | -11 -10 ---------- Run | Jun Mat Machines Disabled 1 | . 1 Max in Single Turn 1 | . 1 Machines Repaired . | . . Machines Sabotaged . | . . Overloaded Fab Kills . | . . Hacking | -11 -10 --------- Run | Jun Mat Machines Accessed 7 | . 7 Terminals 6 | . 6 Fabricators . | . . Repair Stations . | . . Recycling Units 1 | . 1 Scanalyzers . | . . Garrison Access . | . . Total Hacks 15 | . 15 Successful 6 | . 6 Failed 9 | . 9 Catastrophic 2 | . 2 Database Lockouts . | . . Manual 11 | . 11 Terminals 13 | . 13 Fabricators . | . . Repair Stations . | . . Recycling Units 2 | . 2 Scanalyzers . | . . Garrison Access . | . . Terminal Hacks 5 | . 5 Robot Analysis 4 | . 4 Branch Access Points 1 | . 1 Fabricator Hacks . | . . Repair Station Hacks . | . . Recycling Unit Hacks 1 | . 1 Retrieve Components 1 | . 1 Scanalyzer . | . . Garrison Access Hacks . | . . Unauthorized Hacks . | . . Terminals . | . . Fabricators . | . . Repair Stations . | . . Recycling Units . | . . Scanalyzers . | . . Garrison Access . | . . Data Cores Recovered . | . . Used . | . . Hacking Detections 5 | . 5 Full Trace Events 1 | . 1 Feedback Events . | . . Feedback Blocked . | . . Robot Schematics Acquired . | . . Robots Built . | . . Authchips . | . . Time . | . . Total Robot Build Rating . | . . Part Schematics Acquired . | . . Parts Built . | . . Authchips . | . . Time . | . . Total Part Build Rating . | . . Parts Repaired . | . . Time . | . . Parts Recycled . | . . Recycled Matter . | . . Retrieved Matter . | . . Retrieved Components 9 | . 9 Parts Scanalyzed . | . . Part Schematics Acquired . | . . Parts Damaged . | . . Bothacking | -11 -10 ------------ Run | Jun Mat Used RIF Installer . | . . Robots Hacked . | . . Non-combat . | . . Combat . | . . Robot Hacks Applied . | . . Relay Couplers Released . | . . Fabnet Peak Effective % . | . . Robots Rewired . | . . Allies Hacked . | . . Hacks Repelled . | . . Allies | -11 -10 -------- Run | Jun Mat Total Allies . | . . Largest Group . | . . Highest-Rated Group . | . . Highest-Rated Ally . | . . Total Orders . | . . Ally Attacks . | . . Total Damage . | . . Kills . | . . Allies Corrupted . | . . Allies Melted . | . . Intel | -11 -10 ------- Run | Jun Mat Robot Analysis Total 4 | . 4 Derelict Logs Recovered . | . . Drone Launches . | . . Drone Recoveries . | . . Exploration | -11 -10 ------------- Run | Jun Mat Turns Passed 710 | 28 682 Spaces Moved 322 | 12 310 Core 4 | . 4 Treads 196 | . 196 Legs 122 | 12 110 Wheels . | . . Hover . | . . Flight . | . . Fastest Speed 120 | 120 120 Average Speed 145 | 120 146 Slowest Speed 250 | 120 250 Overloaded Moves . | . . Propulsion Burnouts . | . . Robots Hopped . | . . Cave-ins Triggered . | . . Exploration Rate (%) 32 | 2 62 Regions Visited 1 Branch Regions . Pre-discovered Areas . | . . Known Exits Taken . | . . Unknown Exits Taken 1 | 1 . Scrap Searched . | . . Spaces Dug . | . . Terrain Destroyed . | . . Melee . | . . Projectile . | . . AOE . | . . Terrain Rammed . | . . Walls Destroyed . | . . Machines Disabled . | . . Actions | -11 -10 --------- Run | Jun Mat Total 452 | 18 434 Wait 27 | . 27 Move 321 | 11 310 Hop . | . . Pick Up 9 | . 9 Fast Attach 6 | 1 5 Attach 1 | . 1 Detach . | . . Swap 3 | . 3 Drop 13 | 2 11 Fire 72 | 4 68 Melee . | . . Ram . | . . Kick . | . . Crush . | . . Escape Stasis . | . . Rewire . | . . Trap . | . . Miscellaneous . | . . Route ------- -11/Junkyard -10/Materials (discovered 3 exits: [*Mat] / *Min x2) History --------- Turn | Location | Event 1 | -11/Junkyard | Discovered new exit (range 3) 29 | -11/Junkyard | Entered Materials 35 | -10/Materials | Discovered new exit (range 14) 180 | -10/Materials | Core integrity fell below 50% 318 | -10/Materials | Build established: Mutant 385 | -10/Materials | Discovered new exit (range 7) 481 | -10/Materials | Identified exit to Mines 667 | -10/Materials | Core integrity fell below 20% 711 | -10/Materials | Destroyed by G-34 Mercenary with Small Laser Last Messages --------------- 00668_ Lgt. Ion Engine destroyed. 00670_ G-47 Trooper critical meltdown. 00670_ Aluminum Leg melted. 00670_ Particle Gun melted. 00670_ Lgt. Nuclear Core melted. 00674_ Med. Laser broken. 00674_ Overheating: Short circuit. 00675_ Overheating: System interference. 00675_ Particle Gun temporarily disabled. 00683_ Aluminum Leg melted. 00683_ G-34 Mercenary destroyed. 00685_ Dropped Particle Gun. 00691_ K-01 Serf collects debris. 00702_ R-06 Scavenger collects Ion Engine. 00702_ K-01 Serf collects debris. 00705_ R-06 Scavenger collects Particle Gun. 00705_ R-06 Scavenger destroyed. 00706_ K-01 Serf collects debris. 00708_ R-06 Scavenger collects Ion Engine. 00709_ K-01 Serf collects debris. Map ----- +----------------------------------------------------+ | ?????????????????????????????????????????????????? | | ?????????????????????????????????????????????????? | | ?????????????????????????????????????????????????? | | ?????????????????????????????????????????????????? | | ?????????????????????????????????????????????????? | | ?????????????????????????????????????????????????? | | ?????????????????????????????????????????????????? | | ?????????????????????????????????????????????????? | | ?????????????????????????????????????????????????? | | ?????????????????????????????????????????????????? | | ?????????????????????????????????????????????????? | | ?????????????????????????????????????????????????? | | ?????????????????????????????????????????????????? | | ??######????????????????????? ???????????????????? | | ###########??????????????? ? ???????????????? | | ## ######??????????????? ?????????????? | | ## ##??????????????? ???????????? | | ## ##??????????????? ????????? | | ## ##?????######### ##????????? | | ## ##?????######### ##????????? | | ## ##?????## # ##????????? | | ## ##?????## ## !* ]] ####??????? | | ## =!!##?????## kk## !! ]] ####??????? | | ## |%*##?????## g!* ## ] +??????? | | T# ! ######### %%=%+ # ?????? | | ## ######### % r@# # ?????? | | ####### ## ##+##### # ?????? | | % ##?????? | | > ##?????? | | ?????? | | """ ## "##+########## ### ?????? | | """ ##" |"| "# #### ## ??? ????????? | | """ ##"""""""# ##?????????????????????? | | ########## ##?????????????????????? | | ########## ##?????????????????????? | | ### """ ##??????## ##?????????????????????? | | ### """ #???????## * ##?????????????????????? | | # """ ###?????##########?????????????????????? | | # %[ ""#?????##########?????????????????????? | | " # ! Y"#????????????????????????????????????? | | " #^ """ =""#????????????????????????????????????? | | " # """ !###?????????????????#######????????????? | | # """ ##################### #????????????? | | # % % #????????????? | | # % > #????????????? | | ### """ % #????????????? | | ### """ #######+########## #????????????? | | ! """ #?# %% #???### #########?????? | | * #?# = " #???#"" ## #?????? | | % #?# T #???#T ## """#?????? | +----------------------------------------------------+ Best States ------------- Heat Dissipation 25 Energy Generation 10 Energy Capacity 250 Matter Stores 300 Matter Capacity 300 Sight Range 16 Terrain Scan Density 10 Evasion (%) 55 Recoil Reduction 2 Item Schematics ----------------- None Robot Schematics ------------------ None Fabricated ------------ Nothing Alien Tech Used ----------------- None Achievements -------------- None Challenges ------------ None Game ------ Seed ImpulseIonicPropulsion Manual? 0 Play Time 00:10:44 Cumulative 69.2 hours Start 2023.08.15 @ 15:19:06 End 2023.08.15 @ 15:28:14 Sessions 1 Manual Loads 0 Difficulty Rogue Special Mode None Game No. 38 Rogue 38 Adventurer 0 Explorer 0 Win Type - Total 0 Types 0/0/0/0/0/0/0/0/0 Lore% 35 Gallery% 35 Achievement% 35 Wizard Run 0 Options --------- ASCII 0 Keyboard 0 Movement Mouse Keybinds 0 Fullscreen 1 Font 16/SmallcapsGlow Map View 82x54 Tactical HUD 1 Map Filters NONE Filters NONE Steam 1 RUN: 87f8f060-ee2d-4bd9-810f-3551455b9062